 Dungeon Crawl Stone Soup version 0.20.1-1-g8b1a95d (webtiles) character file.

359002 Mesmaeker13 the Brawler (level 21, -9/223 HPs)
             Began as a Troll Monk on Aug 6, 2017.
             Was the Champion of Elyvilon.
             Killed from afar by a lich (97 damage)
             ... with a crystal spear
             ... on level 2 of the Depths on Aug 7, 2017.
             The game lasted 02:51:34 (47397 turns).

Mesmaeker13 the Brawler (Troll Monk)               Turns: 47397, Time: 02:51:35

Health: -9/223     AC: 15    Str: 31    XL:     21   Next: 45%
Magic:  27/29      EV: 13    Int: 11    God:    Elyvilon [******]
Gold:   3139       SH: 13    Dex: 20    Spells: 20/20 levels left

rFire    . . .     SeeInvis +     - Unarmed
rCold    + . .     Gourm    +   H - +0 shield {reflect}
rNeg     + . .     Faith    .   D - +8 pearl dragon scales
rPois    .         Spirit   .   (helmet restricted)
rElec    .         Reflect  +   i - scarf {repulsion}
rCorr    .         Harm     .   (gloves unavailable)
MR       ++...                  (boots unavailable)
Stlth    ..........             f - amulet of rage
Regen    0.9/turn               z - ring of protection from magic
MPRegen  0.3/turn               l - ring "Huaxunan" {Str+4 Dex+8 SInv Stlth-}

@: corroded, repel missiles
A: unfitting armour, claws 3, horns 1, cold resistance 1, fast metabolism 3,
gourmand, regeneration 1, shaggy fur 1, tough skin 2
}: 2/15 runes: decaying, gossamer
a: Lesser Healing, Heal Other, Purification, Greater Healing, Divine Vigour,
Divine Protection, Renounce Religion, Evoke Berserk Rage


You were on level 2 of the Depths.
You worshipped Elyvilon.
Elyvilon was exalted by your worship.
You were very full.

You visited 8 branches of the dungeon, and saw 37 of its levels.
You visited 1 bazaar.
You also visited: Bailey.

You collected 4038 gold pieces.
You spent 899 gold pieces at shops.

Inventory:

Hand Weapons
 P - a +4 scimitar of flaming
Missiles
 g - 77 large rocks (quivered)
 n - 17 javelins
 Q - 2 throwing nets
Armour
 i - a scarf of repulsion (worn)
 j - +0 fire dragon scales
 r - a +2 cloak
 D - +8 pearl dragon scales (worn)
 H - a +0 shield of reflection (worn)
 M - the +2 faerie dragon scales {rCorr Str+5 Slay+3, unknown}
   (You took it off the Enchantress on level 2 of the Depths)

   It affects your strength (+5).
   It affects your accuracy and damage with ranged weapons and melee attacks
   (+3).
   It protects you from acid and corrosion.
Jewellery
 f - an amulet of rage (around neck)
 l - the ring "Huaxunan" (right claw) {Str+4 Dex+8 SInv Stlth-}
   (You acquired it on level 4 of the Swamp)

   [ring of see invisible]

   It affects your strength (+4).
   It affects your dexterity (+8).
   It lets you see invisible.
   It makes you less stealthy.
 z - a ring of protection from magic (left claw)
 N - an uncursed amulet of guardian spirit
 Y - an uncursed ring of flight
 Z - an uncursed ring of poison resistance
Wands
 O - a wand of flame (18/48)
 T - a wand of digging (8/24)
 W - a wand of scattershot (3/9)
Scrolls
 b - 3 scrolls of summoning
 c - 7 scrolls of teleportation
 h - 6 scrolls of remove curse
 o - 2 scrolls of fear
 p - 5 scrolls of fog
 v - 2 scrolls of brand weapon {unknown}
 x - a scroll of magic mapping
 B - a scroll of recharging
 I - 3 scrolls of holy word {unknown}
 K - 3 scrolls of blinking
Potions
 a - 4 potions of might
 d - 4 potions of resistance
 e - 2 potions of invisibility
 k - a potion of cancellation {unknown}
 t - 6 potions of ambrosia
 u - 10 potions of curing
 A - a potion of mutation
 F - 3 potions of berserk rage
 G - 2 potions of heal wounds
 J - 2 potions of magic {unknown}
 R - 7 potions of haste
 S - 2 potions of experience {unknown}
 V - a potion of flight {unknown}
 X - 2 potions of agility
Miscellaneous
 y - a lightning rod (4/4)
 C - a phantom mirror
Comestibles
 m - 3 royal jellies
 q - 5 fruits
 s - 6 bread rations
 w - 3 meat rations
 E - 8 chunks of flesh


   Skills:
 + Level 16.3 Fighting
 - Level 10.0 Throwing
 - Level 13.2 Armour
 - Level 6.6 Dodging
 - Level 1.0 Stealth
 + Level 9.7 Shields
 + Level 19.1 Unarmed Combat
 + Level 12.8 Invocations
 - Level 8.1 Evocations


You had 20 spell levels left.
You didn't know any spells.

Dungeon Overview and Level Annotations

Branches:
Dungeon (15/15)            Temple (1/1) D:6            Lair (6/6) D:9
  Swamp (4/4) Lair:4       Spider (4/4) Lair:2        Slime (0/5) Lair:5
    Orc (2/2) D:10            Elf (0/3) Orc:2        Vaults (3/5) D:13
 Depths (2/5) D:15
  Crypt: Vaults:2-3

Altars:
Ashenzari
Cheibriados
Dithmenos
Elyvilon
Fedhas
Gozag
Hepliaklqana
Kikubaaqudgha
Makhleb
Nemelex Xobeh
Okawaru
Qazlal
Ru
Sif Muna
Trog
Uskayaw
Vehumet
Xom
Yredelemnul
Zin
The Shining One

Shops:
D:6 *   D:13 (   Orc:1 [   Orc:2 (((*   Vaults:1 [   Vaults:2 (   Depths:2 =}=

Portals:
Hell: Depths:1 Depths:2
Pandemonium: Depths:2

Annotations:
Lair:5 Nessos
Spider:4 1 exclusion
Vaults:3 Sojobo


Innate Abilities, Weirdness & Mutations

You are too large for most types of armour.
You have claws for hands.
Your metabolism is lightning-fast.
You like to eat raw meat.
Your natural rate of healing is unusually fast.
You are covered in fur. (AC +1)
You have very tough skin. (AC +2)
You have a pair of small horns on your head.
Your flesh is cold resistant. (rC+)


Message History

You mangle the brown very ugly thing!!
Your headbutt misses the brown very ugly thing.
The brown very ugly thing is heavily wounded.
The wizard gestures wildly while chanting.
The wizard flickers and vanishes for a moment.
You mangle the brown very ugly thing!!
You headbutt the brown very ugly thing, but do no damage.
The brown very ugly thing is almost dead.
The brown very ugly thing punches you. The acid corrodes you!
You are splashed with acid!
The acid burns!
You eviscerate the brown very ugly thing!!!
You kill the brown very ugly thing!
The brown very ugly thing basks in the mutagenic energy from its kin and changes!
The purple ugly thing basks in the mutagenic energy from its kin and changes!
You scratch the lich.
You headbutt the lich, but do no damage.
The lich is lightly damaged.
The lich casts a spell at you. The crystal spear hits you!
You die... #.## #..# # #..# ###### #u####..# #..... u..u....# #..... uuuu.u..#

#..### .uu..u..#
#..#.# #u####.#
#..##' #.pL@uu#
#...#.
######.#########...'.
#.............#.
#......[..##..#.
#.........##.##'
#...........'..#.#
#.#.#.......##.# #
...................
#...................


You could see a white very ugly thing, a lich, 2 ugly things and a wizard
(invisible).

Vanquished Creatures
  Saint Roka (Orc:2)
  Nikola (Spider:4)
  the Enchantress (Depths:2)
  Jorgrun (Swamp:3)
  A lich (Depths:2)
  The ghost of equalderp2856 the Severer, an adept MiFi (Spider:4)
  A sphinx (Vaults:3)
  3 thorn hunters
  Kirke (Swamp:3)
  An azure jelly (Spider:1)
  Donald (Swamp:3)
  2 fire giants
  5 ghost moths
  A frost giant (Vaults:1)
  Aizul (Vaults:2)
  Louise (Swamp:3)
  8 emperor scorpions
  4 spriggan defenders
  15 vault wardens
  2 orc warlords
  13 very ugly things
  2 reapers
  10 stone giants
  9 ironheart preservers
  The ghost of Thaneod the Tortoise, a journeyman MiBe of Trog (Orc:2)
  A vampire knight (Depths:2)
  8 entropy weavers
  A dire elephant (Lair:6)
  A spark wasp (Spider:3)
  Josephine (Orc:1)
  6 yaktaur captains
  Snorg (D:10)
  5 ettins
  7 ogre magi
  8 fire dragons
  3 great orbs of eyes
  4 ice dragons
  10 vault guards
  15 hydras
  5 ghost crabs
  5 rakshasas
  Harold (D:10)
  A spriggan air mage (Depths:2)
  7 centaur warriors
  Erica (D:9)
  5 deep troll earth magi
  A death knight (D:10)
  6 death yaks (Lair:6)
  11 alligators
  2 catoblepae
  42 two-headed ogres
  10 deep troll shamans
  5 tengu warriors
  A spriggan berserker (Depths:2)
  An orc high priest (Orc:2)
  A deep elf knight (Vaults:2)
  The ghost of ConnectionFaild the Carver, a novice OpFi of Dithmenos (D:9)
  4 iron trolls (Depths:1)
  A fire crab (Lair:6)
  17 deep trolls
  5 unseen horrors
  3 spriggan druids
  2 flayed ghosts
  3 deep elf archers
  22 orc knights
  A skeletal warrior (Vaults:2)
  A lindwurm (shapeshifter) (Vaults:2)
  2 glowing orange brains
  10 ironbrand convokers
  2 wizards (Vaults:2)
  9 harpies
  A phantasmal warrior (D:15)
  12 swamp dragons
  A mana viper (shapeshifter) (Vaults:3)
  12 orb spiders
  2 shambling mangroves
  25 wolf spiders
  A necromancer (D:13)
  52 ugly things
  A deep elf mage (D:15)
  2 wolf spider zombies
  10 orc sorcerers
  12 cyclopes
  A manticore (D:15)
  12 elephants
  2 moths of wrath
  A guardian serpent (shapeshifter) (Depths:1)
  A rust devil (Depths:2)
  10 vault sentinels
  Maurice (Orc:1)
  A torpor snail (Spider:3)
  An ice statue (Depths:2)
  A smoke demon (Depths:2)
  13 spiny frogs
  2 gargoyles
  3 black mambas (Lair:6)
  2 rime drakes
  2 kobold demonologists (D:15)
  14 demonic crawlers
  9 komodo dragons
  A yaktaur (shapeshifter) (Vaults:1)
  6 freezing wraiths
  2 rime drakes (shapeshifter)
  40 yaktaurs
  8 trolls
  A troll (shapeshifter) (D:14)
  A queen bee (shapeshifter) (Vaults:1)
  A red devil (Depths:2)
  2 polar bears (shapeshifter)
  A merfolk (shapeshifter) (D:15)
  A tengu simulacrum (Vaults:2)
  4 tengu conjurers
  Grinder (D:3)
  47 jumping spiders
  3 meliai (D:13)
  A harpy zombie (D:15)
  A harpy skeleton (D:14)
  8 tyrant leeches
  9 hornets
  A tyrant leech (shapeshifter) (D:15)
  2 polar bears
  39 slime creatures
  12 hippogriffs
  A queen bee (D:13)
  Prince Ribbit (D:7)
  6 bog bodies
  4 blink frogs (Lair:5)
  A frost giant simulacrum (Vaults:1)
  A dream sheep (shapeshifter) (Depths:1)
  5 shadows
  A vampire (D:15)
  24 tarantellas
  104 redbacks
  4 spriggans
  9 wraiths
  2 wyverns
  52 yaks
  A human (shapeshifter) (Depths:1)
  2 basilisks
  A basilisk (shapeshifter) (D:15)
  A neqoxec (Depths:2)
  2 golden eyes (shapeshifter)
  7 hungry ghosts
  9 wargs
  13 vampire mosquitoes
  2 two-headed ogre zombies (D:10)
  16 swamp worms
  3 acid dragons
  15 water moccasins
  A soldier ant (D:10)
  51 orc warriors
  4 porcupines
  17 swamp drakes
  6 ice beasts
  6 sky beasts
  7 black bears
  A black bear (shapeshifter) (Vaults:1)
  2 necrophages
  An eye of draining (D:8)
  17 centaurs
  29 ogres
  11 wolves (Lair:6)
  13 boggarts
  14 crocodiles
  3 big kobolds
  18 bullfrogs
  5 scorpions
  3 troll zombies (D:10)
  37 killer bees
  An elf simulacrum (Vaults:1)
  10 wights
  3 howler monkeys (D:9)
  An electric eel (Lair:2)
  11 crimson imps
  5 centaur zombies
  A quasit (D:8)
  6 hounds
  23 jellies
  32 orc priests
  7 centaur skeletons
  4 bullfrog skeletons
  A bullfrog zombie (D:10)
  4 iguanas
  41 orc wizards
  Jessica (D:3)
  16 worker ants
  An ogre zombie (D:10)
  2 hound zombies
  2 hound skeletons
  3 gnolls (D:8)
  13 adders
  3 shadow imps
  A white imp (Spider:4)
  2 oozes
  2 adder zombies (D:8)
  3 adder skeletons
  3 worms
  A dart slug (D:2)
  5 leopard geckos
  164 orcs
  6 bats
  8 giant cockroaches
  7 goblins
  5 hobgoblins
  10 jackals
  4 quokkas
  A ball python (D:4)
  3 frilled lizards
  4 goblin skeletons (D:10)
  2 goblin zombies (D:10)
  A hobgoblin skeleton (D:10)
  2 hobgoblin zombies (D:10)
  19 kobolds
  4 orc skeletons (D:10)
  12 orc zombies (D:10)
  4 rats
  4 briar patches
  2 bushes (D:12)
  2 fungi (Lair:6)
1750 creatures vanquished.

Vanquished Creatures (others)
  A fire dragon (Depths:1)
  An ogre mage (Vaults:1)
  An alligator (Swamp:4)
  A shadow wraith (Vaults:2)
  A cyclops (Vaults:2)
  3 yaktaurs
  2 demonic crawlers (Spider:4)
  A jumping spider (Spider:4)
  3 water elementals (Depths:1)
  3 humans (Swamp:4)
  An orc warrior (Vaults:3)
  A swamp drake (Swamp:4)
  A boggart (D:14)
  A centaur (Vaults:2)
  2 orc wizards (Orc:2)
  2 briar patches (Swamp:4)
  31 bushes (Depths:2)
  9 fungi (Lair:6)
  12 plants (Lair:6)
77 creatures vanquished.

Grand Total: 1827 creatures vanquished

Notes
Turn   | Place    | Note
-------+----------+-------------------------------------------
     0 | D:1      | Mesmaeker13 the Troll Monk began the quest for the Orb.
     0 | D:1      | Reached XP level 1. HP: 22/22 MP: 0/0
   106 | D:1      | Reached XP level 2. HP: 29/29 MP: 1/1
   584 | D:2      | Gained mutation: You evolve. [potion of mutation]
   584 | D:2      | Gained mutation: Your flesh is cold resistant. (rC+) [potion of mutation]
   666 | D:2      | Reached XP level 3. HP: 36/36 MP: 2/2
   968 | D:3      | Noticed Jessica
   981 | D:3      | Killed Jessica
   995 | D:3      | Reached XP level 4. HP: 43/44 MP: 3/3
  1036 | D:3      | Noticed Grinder
  1053 | D:3      | Paralysed by Grinder for 3 turns
  1311 | D:4      | Noticed a sky beast
  1321 | D:4      | Killed a sky beast
  1321 | D:4      | Reached skill level 4 in Unarmed Combat
  1321 | D:4      | Reached XP level 5. HP: 53/53 MP: 4/4
  1673 | D:4      | Noticed a sky beast
  1681 | D:4      | Reached XP level 6. HP: 35/61 MP: 5/5
  1691 | D:4      | Killed a sky beast
  1839 | D:4      | Reached skill level 5 in Unarmed Combat
  1956 | D:4      | Reached XP level 7. HP: 70/70 MP: 6/6
  2341 | D:5      | Entered Level 5 of the Dungeon
  2538 | D:5      | Reached skill level 5 in Dodging
  2663 | D:5      | Reached skill level 6 in Unarmed Combat
  2667 | D:5      | Reached skill level 5 in Fighting
  2667 | D:5      | Reached XP level 8. HP: 80/80 MP: 7/7
  3468 | D:3      | Found a glowing golden altar of the Shining One.
  3641 | D:3      | Paralysed by Grinder for 6 turns
  3651 | D:3      | Killed Grinder
  4128 | D:6      | Found Zextahil's Assorted Antiques.
  4132 | D:6      | Found a staircase to the Ecumenical Temple.
  4148 | Temple   | Entered the Ecumenical Temple
  4153 | Temple   | Became a worshipper of Elyvilon the Healer
  4153 | Temple   | Reached * piety under Elyvilon
  4153 | Temple   | Reached ** piety under Elyvilon
  4464 | D:6      | Reached skill level 7 in Unarmed Combat
  4612 | D:6      | Noticed a two-headed ogre
  4622 | D:6      | Killed a two-headed ogre
  4622 | D:6      | Reached XP level 9. HP: 91/91 MP: 8/8
  4807 | D:6      | Reached skill level 8 in Unarmed Combat
  4848 | D:6      | Reached skill level 1 in Armour
  5187 | D:7      | Noticed Prince Ribbit
  5223 | D:7      | Killed Prince Ribbit
  5223 | D:7      | Reached skill level 1 in Invocations
  5636 | D:7      | Reached XP level 10. HP: 95/102 MP: 10/10
  5786 | D:7      | Reached *** piety under Elyvilon
  6000 | D:8      | Reached skill level 9 in Unarmed Combat
  6365 | D:8      | Reached **** piety under Elyvilon
  6631 | D:8      | Gained mutation: You have a pair of small horns on your head. [evolution]
  6631 | D:8      | Lost mutation: You evolve. [end of evolution]
  6644 | D:8      | Noticed a two-headed ogre
  6645 | D:8      | Noticed a two-headed ogre
  6662 | D:8      | Killed a two-headed ogre
  6664 | D:8      | Killed a two-headed ogre
  6770 | D:8      | Noticed a gargoyle
  6774 | D:8      | Noticed a two-headed ogre
  6781 | D:8      | Killed a gargoyle
  6783 | D:8      | Killed a two-headed ogre
  6783 | D:8      | Reached skill level 10 in Unarmed Combat
  6783 | D:8      | Reached XP level 11. HP: 111/111 MP: 8/13
  7176 | D:9      | Noticed a two-headed ogre
  7194 | D:9      | Killed a two-headed ogre
  7194 | D:9      | Reached skill level 5 in Armour
  7194 | D:9      | Reached skill level 5 in Invocations
  7296 | D:9      | Noticed ConnectionFaild's ghost (novice OpFi)
  7312 | D:9      | Killed ConnectionFaild's ghost
  7396 | D:9      | Found a staircase to the Lair.
  7531 | D:9      | Reached skill level 1 in Evocations
  7775 | D:9      | Reached ***** piety under Elyvilon
  7883 | D:9      | Noticed Erica
  7923 | D:9      | Killed Erica
  8311 | D:10     | Entered Level 10 of the Dungeon
  8625 | D:10     | Found a staircase to the Orcish Mines.
  8713 | D:11     | Found a flagged portal.
  8722 | Bailey   | Entered a bailey
  8925 | Bailey   | Noticed an orc knight
  8955 | Bailey   | Was placed under penance by Elyvilon
  8971 | Bailey   | Killed an orc knight
  9134 | Bailey   | Noticed an orc knight
  9134 | Bailey   | Noticed an orc knight
  9163 | Bailey   | Killed an orc knight
  9168 | Bailey   | Killed an orc knight
  9287 | Bailey   | Noticed an orc knight
  9297 | Bailey   | Killed an orc knight
  9474 | D:11     | Killed an unseen horror
  9474 | D:11     | Reached skill level 11 in Unarmed Combat
  9474 | D:11     | Reached XP level 12. HP: 99/123 MP: 14/14
 10424 | D:10     | Noticed Harold
 10436 | D:10     | Killed Harold
 10658 | D:10     | Was forgiven by Elyvilon
 10747 | D:10     | Noticed Snorg
 10761 | D:10     | Killed Snorg
 10923 | D:10     | Noticed a death knight
 10932 | D:10     | Killed a death knight
 11128 | D:10     | Was placed under penance by Elyvilon
 11459 | Lair:1   | Entered Level 1 of the Lair of Beasts
 11614 | Lair:1   | Reached skill level 10 in Fighting
 12094 | Lair:2   | Got a warped buckler
 12204 | Lair:2   | Noticed a catoblepas
 12220 | Lair:2   | Killed a catoblepas
 12263 | Lair:2   | Was forgiven by Elyvilon
 12286 | Lair:2   | Reached skill level 5 in Evocations
 12354 | Lair:2   | Reached skill level 12 in Unarmed Combat
 12405 | Lair:2   | Found a hole to the Spider Nest.
 12767 | Lair:2   | Noticed a five-headed hydra
 12779 | Lair:2   | Killed a one-headed hydra
 12779 | Lair:2   | Reached XP level 13. HP: 99/133 MP: 15/15
 14229 | Lair:4   | Found a staircase to the Swamp.
 14902 | Lair:5   | Found a hazy altar of Hepliaklqana.
 14948 | Lair:5   | Found a staircase to the Slime Pits.
 15001 | Lair:5   | Noticed Nessos
 15209 | Lair:6   | Entered Level 6 of the Lair of Beasts
 15595 | Lair:6   | Reached skill level 13 in Unarmed Combat
 16170 | Lair:6   | Reached XP level 14. HP: 146/146 MP: 18/18
 17588 | Orc:1    | Entered Level 1 of the Orcish Mines
 17588 | Orc:1    | Noticed Maurice
 17604 | Orc:1    | Killed Maurice
 17648 | Orc:1    | Found Tigaeh's Armour Shop.
 17710 | Orc:1    | Noticed a stone giant
 17737 | Orc:1    | Killed a stone giant
 17856 | Orc:2    | Entered Level 2 of the Orcish Mines
 17920 | Orc:2    | Noticed Thaneod's ghost (journeyman MiBe)
 17947 | Orc:2    | Killed Thaneod's ghost
 17951 | Orc:2    | Paralysed by an orc sorcerer for 2 turns
 17953 | Orc:2    | Noticed Saint Roka
 18435 | Orc:2    | Killed Saint Roka
 18512 | Orc:2    | Found a staircase to the Elven Halls.
 18528 | Orc:1    | Noticed Josephine
 18553 | Orc:1    | Killed Josephine
 18553 | Orc:1    | Reached skill level 10 in Armour
 18750 | Orc:1    | Noticed an orc warlord
 19652 | Orc:2    | Paralysed by an orc sorcerer for 6 turns
 19756 | Orc:2    | Found Zouc's Antique Weapon Shop.
 19756 | Orc:2    | Found Teuvy's General Store.
 19756 | Orc:2    | Found Miuppoyc's Weapon Boutique.
 19767 | Orc:2    | Found Guihacvy's Antique Weapon Boutique.
 19774 | Orc:2    | Bought 5 javelins for 68 gold pieces
 19774 | Orc:2    | Bought a scroll of identify for 34 gold pieces
 19866 | Orc:2    | Reached ****** piety under Elyvilon
 20034 | Orc:2    | Noticed an orc warlord
 20046 | Orc:2    | Killed an orc warlord
 20046 | Orc:2    | Reached skill level 14 in Unarmed Combat
 20270 | Orc:1    | Killed an orc warlord
 20600 | D:12     | Found a blossoming altar of Fedhas.
 20697 | D:12     | Reached XP level 15. HP: 147/156 MP: 20/20
 20886 | D:12     | Reached skill level 1 in Throwing
 21486 | D:13     | Found Seneed's Antique Weapon Emporium.
 22009 | D:13     | Found a gate to the Vaults.
 23477 | D:15     | Entered Level 15 of the Dungeon
 23886 | D:15     | Found a stormy altar of Qazlal.
 24663 | D:15     | Found a staircase to the Depths.
 25124 | D:15     | Reached XP level 16. HP: 167/167 MP: 21/21
 25442 | D:15     | Reached skill level 5 in Throwing
 25701 | Spider:1 | Entered Level 1 of the Spider Nest
 26626 | Spider:1 | Reached skill level 15 in Unarmed Combat
 29827 | Spider:4 | Entered Level 4 of the Spider Nest
 30429 | Spider:3 | Reached XP level 17. HP: 176/176 MP: 9/22
 30624 | Spider:4 | Noticed equalderp2856's ghost (adept MiFi)
 30958 | Spider:4 | Killed equalderp2856's ghost
 31463 | Spider:4 | Noticed Nikola
 31480 | Spider:4 | Killed Nikola
 32541 | Spider:4 | Got a gossamer rune of Zot
 33089 | Swamp:1  | Entered Level 1 of the Swamp
 33216 | Swamp:1  | Reached skill level 10 in Invocations
 33222 | Swamp:1  | Reached skill level 16 in Unarmed Combat
 34985 | Swamp:3  | Reached XP level 18. HP: 188/188 MP: 24/24
 35130 | Swamp:3  | Noticed Louise
 35215 | Swamp:3  | Killed Louise
 35296 | Swamp:3  | Noticed Jorgrun
 35307 | Swamp:3  | Killed Jorgrun
 35637 | Swamp:4  | Entered Level 4 of the Swamp
 35858 | Swamp:4  | Noticed Donald
 35882 | Swamp:3  | Killed Donald
 37109 | Swamp:4  | Noticed Kirke
 37324 | Swamp:3  | Killed Kirke
 37389 | Swamp:4  | Identified a scroll of acquirement
 37393 | Swamp:4  | Got a wavering steel ring
 37473 | Swamp:4  | Identified the ring "Huaxunan" {Str+4 Dex+8 SInv Stlth-} (You acquired it on level 4 of the Swamp)
 37636 | Swamp:4  | Got a decaying rune of Zot
 38410 | Vaults:1 | Entered Level 1 of the Vaults
 38527 | Vaults:1 | Reached skill level 10 in Throwing
 38556 | Vaults:1 | Reached skill level 1 in Shields
 39104 | Vaults:1 | Reached skill level 17 in Unarmed Combat
 39296 | Vaults:1 | Found Luphuenk's Armour Shoppe.
 39328 | Vaults:1 | Bought a +2 cloak for 297 gold pieces
 39473 | Vaults:1 | Reached XP level 19. HP: 130/198 MP: 25/25
 40396 | Vaults:1 | Reached skill level 5 in Shields
 40749 | Vaults:1 | Paralysed by an orc sorcerer for 7 turns
 40784 | Vaults:1 | Reached skill level 15 in Fighting
 41419 | Vaults:2 | Noticed Aizul
 41434 | Vaults:2 | Killed Aizul
 41473 | Vaults:2 | Found Emnum's Weapon Boutique.
 42772 | Vaults:2 | Reached skill level 18 in Unarmed Combat
 42795 | Vaults:2 | Reached XP level 20. HP: 121/210 MP: 27/27
 43255 | Vaults:3 | Paralysed by a sphinx for 2 turns
 43466 | Vaults:3 | Noticed Sojobo
 44246 | Depths:1 | Entered Level 1 of the Depths
 44337 | Depths:1 | Found a gateway to Hell.
 45893 | Depths:1 | Paralysed by a great orb of eyes for 5 turns
 46082 | Depths:2 | Found Lainkil's Jewellery Shoppe.
 46083 | Depths:2 | Found Meinimnaz's Gadget Boutique.
 46084 | Depths:2 | Found Duocop's Jewellery Shoppe.
 46093 | Depths:2 | Bought an uncursed ring of protection from magic for 500 gold pieces
 46198 | Depths:2 | Reached XP level 21. HP: 222/222 MP: 29/29
 46296 | Depths:2 | Noticed the Enchantress
 46604 | Depths:2 | Killed the Enchantress
 46626 | Depths:2 | Got faerie dragon scales
 46663 | Depths:2 | Found a gateway to a bazaar.
 46695 | Bazaar   | Entered a bazaar
 46713 | Bazaar   | Found Baosab's Book Emporium.
 46734 | Bazaar   | Found Teumnux's Book Shoppe.
 46734 | Bazaar   | Found Gafy's Jewellery Emporium.
 46755 | Bazaar   | Found Qosasm's Armour Shoppe.
 46755 | Bazaar   | Found Japikeg's Gadget Emporium.
 46983 | Depths:2 | Reached skill level 19 in Unarmed Combat
 47267 | Depths:2 | Found a one-way gate leading to the halls of Pandemonium.
 47397 | Depths:2 | Killed from afar by a lich

Skill      XL: |  1  2  3  4  5  6  7  8  9 10 11 12 13 14 15 16 17 18 19 20 21 |
---------------+----------------------------------------------------------------+-----
Dodging        | 3 4 5 6 |  6.6
Fighting       | 3 4 5 6 7 8 9 10 11 12 13 14 15 16 | 16.3
Unarmed Combat | 4 5 6 7 8 10 11 12 13 14 15 16 17 18 19 | 19.1
Armour         | 2 4 6 7 9 10 11 12 13 | 13.2
Invocations    | 2 4 5 7 9 10 11 12 | 12.8
Evocations     | 3 5 6 8 |  8.1
Throwing       | 4 7 8 10 | 10.0
Shields        | 3 6 9 |  9.7
Stealth        | |  1.0

Action                   |  1- 3 |  4- 6 |  7- 9 | 10-12 | 13-15 | 16-18 | 19-21 || total
-------------------------+-------+-------+-------+-------+-------+-------+-------++-------
Melee: Unarmed           |    87 |    74 |   336 |   866 |  1657 |  1766 |  1465 ||  6251
       Punch             |       |     2 |     9 |    42 |   134 |   145 |       ||   332
       Headbutt          |       |       |       |   131 |   387 |   441 |   535 ||  1494
       Scimitar          |       |       |       |     6 |    17 |    52 |       ||    75
Throw: Throwing net      |       |       |       |       |     1 |     4 |       ||     5
       Large rock        |       |       |       |       |       |    60 |    48 ||   108
Invok: Divine Protection |       |       |       |     2 |       |       |       ||     2
       Purification      |       |       |       |       |     3 |     8 |     1 ||    12
       Lesser Healing    |       |       |       |       |     2 |       |       ||     2
       Greater Healing   |       |       |       |       |     4 |     7 |     7 ||    18
       Divine Vigour     |       |       |       |       |       |       |     2 ||     2
 Abil: Evoke Berserk Rag |       |     4 |     7 |    15 |    14 |    25 |    11 ||    76
Evoke: Wand              |       |       |     3 |       |       |       |     2 ||     5
  Use: Scroll            |     6 |     3 |     1 |    10 |    11 |    15 |     3 ||    49
       Potion            |     2 |       |       |     2 |     2 |     6 |     2 ||    14
 Stab: Sleeping          |     1 |     1 |     4 |       |       |       |       ||     6
       Invisible         |       |       |       |     1 |     4 |       |       ||     5
       Distracted        |       |       |       |       |       |     1 |       ||     1
  Eat: Chunk             |    15 |    10 |    42 |   104 |   139 |   106 |    88 ||   504
       Bread ration      |       |       |       |       |       |     5 |       ||     5
       Meat ration       |       |       |       |       |       |     5 |       ||     5
       Fruit             |       |       |       |       |       |     3 |       ||     3
       Royal jelly       |       |       |       |       |       |     3 |       ||     3
Armor: Robe              |    26 |    10 |    44 |       |       |       |       ||    80
       Pearl dragon scal |       |       |    29 |   443 |  1132 |  1760 |   510 ||  3874
Dodge: Dodged            |    46 |    29 |   162 |   582 |  1134 |  1554 |   448 ||  3955
       Deflected         |       |       |       |       |       |       |    24 ||    24
Block: Shield            |       |       |       |       |       |    79 |   703 ||   782
       Reflection        |       |       |       |       |       |     9 |    56 ||    65
       Rpst.: Scimitar   |       |       |       |     1 |     2 |    20 |       ||    23
